 Dungeon Sprint DCSS version 0.17-a0-1805-g6093636 (webtiles) character file.

252594 nuthulu the Invulnerable (level 18, -9/145 HPs)
             Began as a Gargoyle Fighter on Sept 12, 2015.
             Was an Elder of Trog.
             Mangled by Antaeus (19 damage)
             ... in the Dungeon (Sprint III: "The Ten Rune Challenge").
             The game lasted 01:10:52 (11248 turns).

nuthulu the Invulnerable (Gargoyle Fighter)        Turns: 11248, Time: 01:10:52

Health: -9/145     AC: 47    Str: 25    XL:     18   Next: 55%
Magic:  0/22       EV: 35    Int: 11    God:    Trog [****..]
Gold:   1365       SH: 29    Dex: 27    Spells: 0 memorised, 17 levels left

rFire  + + .     SeeInvis .     H - +9 eveningstar (holy)
rCold  + + .     Clarity  .     G - +3 plate armour {rC+}
rNeg   + . .     SustAt   +     J - +1 large shield {reflect}
rPois  ∞         Gourm    .     R - +0 hat {Spirit}
rElec  +         Spirit   +     U - +2 cloak of Haal {+Fly rPois rF+ rC+}
rCorr  .         Warding  .     m - +0 pair of gloves {Dex+3}
rMut   .         NoTele   +     b - +0 pair of boots
MR     +++..                    S - amulet of regeneration
Stlth  ..........               L - ring of Tyarij {SustAt Dex+4}
                                a - ring of protection from fire

@: mighty, agile, frozen, flying, regenerating, studying Bows, very slow,
extremely resistant to hostile enchantments, extremely unstealthy
A: big wings, low mp 2, negative energy resistance 1, electricity resistance,
unbreathing, petrification resistance, rot immunity, AC +13
a: Stop Flying, Burn Spellbooks, Berserk, Trog's Hand, Brothers in Arms,
Renounce Religion
}: 4/10 runes: serpentine, barnacled, silver, golden


You were in the Dungeon.
You worshipped Trog.
Trog was greatly pleased with you.
You were not hungry.

You visited 1 branch You collected 3021 gold pieces.
You spent 1656 gold pieces at shops.

Inventory:

Hand weapons
 l - a +2 morningstar of protection
 n - a +2 antimagic mace
 o - the +6 eveningstar of the Snake Pit {crush, +Blink rN+ Int-5 Dex+3}
   (Trog gifted it to you in the Dungeon)

   It inflicts extra damage upon your enemies.
   It affects your intelligence (-5).
   It affects your dexterity (+3).
   It protects you from negative energy.
   It lets you blink.
 s - a +5 vampiric eveningstar
 t - a +2 antimagic demon whip
 u - the +9 morningstar of the Viper {vamp, Int-4 Dex+6}
   (You found it in the Dungeon)

   It inflicts no extra harm, but heals its wielder somewhat when it strikes a
   living foe.
   It affects your intelligence (-4).
   It affects your dexterity (+6).
 w - the +1 morningstar of the Boar {elec, rPois Stlth+}
   (Trog gifted it to you in the Dungeon)

   Occasionally, upon striking a foe, it will discharge some electrical energy
   and cause terrible harm.
   It protects you from poison.
   It makes you more stealthy.
 z - a +4 antimagic morningstar
 E - a +8 antimagic eveningstar
 H - a +9 eveningstar of holy wrath (weapon)
 Q - the +4 morningstar "Wudwosir" {crush, Str+2}
   (Trog gifted it to you in the Dungeon)

   It inflicts extra damage upon your enemies.
   It affects your strength (+2).
Missiles
 j - 10 throwing nets (quivered)
Armour
 b - a +0 pair of boots (worn)
 c - a +0 plate armour of fire resistance
 m - a +0 pair of gloves of dexterity (worn)
 x - a +1 plate armour of fire resistance
 A - the +2 cloak "Jimafosi" {rF+ Str+2 Stlth+}
   (You bought it in a shop in the Dungeon)

   It affects your strength (+2).
   It protects you from fire.
   It makes you more stealthy.
 F - a +1 large shield of cold resistance
 G - a +3 plate armour of cold resistance (worn)
 J - a +1 large shield of reflection (worn)
 M - a +1 pair of gloves of archery
 R - a +0 hat of spirit shield (worn)
 U - the +2 cloak of Haal (worn) {+Fly rPois rF+ rC+}
   (You acquired it in the Dungeon)

   It protects you from fire.
   It protects you from cold.
   It protects you from poison.
   It lets you fly.
 V - a +1 hat of intelligence
Jewellery
 a - a ring of protection from fire (left hand)
 B - an uncursed amulet of the gourmand
 L - the ring of Tyarij (right hand) {SustAt Dex+4}
   (You took it off a deep elf demonologist in the Dungeon)

   [ring of sustain attributes]

   It sustains your strength, intelligence and dexterity.
   It affects your dexterity (+4).
 N - an uncursed amulet of faith
 S - an amulet of regeneration (around neck)
 T - the ring of Dithmenos's Hatred {*Corrode rN+ Dex+4}
   (You found it in the Dungeon)

   [ring of positive energy]

   It affects your dexterity (+4).
   It protects you from negative energy.
   It may corrode your equipment when you take damage.
Magical devices
 D - a wand of random effects (39)
 O - a wand of draining (5)
 W - a wand of heal wounds (5)
Scrolls
 k - a scroll of blinking
 p - 2 scrolls of remove curse
 y - 7 scrolls of identify
Potions
 d - a potion of berserk rage
 f - 6 potions of curing
 g - 4 potions of heal wounds
 h - a potion of haste
 i - 2 potions of magic
 q - 4 potions of cure mutation
 r - 2 potions of flight
 I - a potion of might
 K - a potion of agility
Books
 P - a manual of Bows
Comestibles
 e - a bread ration
 v - 12 royal jellies
 C - 8 fruits


   Skills:
 O Level 27 Fighting
 + Level 23.1 Maces & Flails
 O Level 27 Armour
 + Level 22.8 Dodging
 O Level 27 Shields
 + Level 13.0 Evocations


You had 17 spell levels left.
You didn't know any spells.

Dungeon Overview and Level Annotations

Branches:
Dungeon (1/1)

Altars:
Cheibriados
Dithmenos
Elyvilon
Fedhas
Gozag
Kikubaaqudgha
Makhleb
Nemelex Xobeh
Okawaru
Qazlal
Ru
Sif Muna
Trog
Vehumet
Xom
Yredelemnul
Zin
The Shining One
Jiyva
Lugonu

Shops:
D }!(%:[:[}%%%%[*[:}!=([?(

Annotations:
D Antaeus


Innate Abilities, Weirdness & Mutations

You are resistant to torment.
Your stone body is resilient (AC +13).
You are immune to poison.
Your large and strong wings let you fly indefinitely.
You resist negative energy.
You are resistant to electric shocks.
You can survive without breathing.
You are immune to petrification.
You are immune to rotting.
Your magical capacity is very low (-20% MP).


Message History

Unknown command.
You bludgeon Antaeus!!
Antaeus convulses!
Antaeus is severely wounded.
You block Antaeus's attack. Antaeus hits you but does no damage.
You don't know any spells.
You don't know any spells.
Zapping:
W - a wand of heal wounds (6)
Press: ? - help, Shift-Dir - straight line, f - you, p - Antaeus You feel much better.
This wand has 5 charges left.
Antaeus gestures at you. The flash freeze hits you! You partially resist.
You are encased in ice.
You impale Antaeus!!
Antaeus convulses!!
Antaeus is severely wounded.
You hit Antaeus.
Antaeus convulses.
Antaeus is severely wounded.
Antaeus hits you!!!
* * * LOW HITPOINT WARNING * * *
Antaeus freezes you!! You resist.
You die...

############+##############.#..#.
#,,,* **#≈≈≈≈≈≈≈≈≈##......#+#'##.
+,,,* *,#≈###≈≈#'###......#)'..+.
*,,,***+#≈*,#≈≈#)# #......#[####.
**+***≈≈≈≈#+#≈≈#####......'.#.###
,,,* *≈≈≈≈≈≈≈≈≈≈≈≈##....(.###(#.§
******≈≈≈≈###≈≈≈≈≈##.###..#...#.§
,,,,**#+*≈#φ#≈≈####*,#^#..[)..+§)
,,,,* *,#≈#'#≈≈C@# *,###..#...#..
,,,,* **#≈≈≈≈≈≈### *,.....###(#..
***** ######## *#######.(.###
▓▓▓▓▓


You could see Antaeus.

Vanquished Creatures
  Mara (D)
  Mennas (D)
  3 greater mummies (D)
  Boris (D)
  the iron giant (D)
  Norris (D)
  Nikola (D)
  2 liches (D)
  Rupert (D)
  2 Ice Fiends (D)
  A quicksilver dragon (D)
  Frances (D)
  A titan (D)
  An Executioner (D)
  Polyphemus (D)
  2 sphinxes (D)
  An ancient champion (D)
  Chuck (D)
  4 shadow dragons (D)
  Roxanne (D)
  Ilsuiw (D)
  A storm dragon (D)
  A greater naga (D)
  3 fire giants (D)
  Maud (D)
  4 war gargoyles (D)
  3 stone giants (D)
  2 vampire knights (D)
  Nessos (D)
  A deep elf demonologist (D)
  3 deep elf annihilators (D)
  Azrael (D)
  2 dire elephants (D)
  A yellow draconian (D)
  An ettin (shapeshifter) (D)
  2 deep elf death magi (D)
  A merfolk javelineer (D)
  A fire dragon (D)
  17 vault guards (D)
  9 mummy priests (D)
  A naga warrior (D)
  3 yaktaur captains (D)
  2 hell beasts (D)
  6 anacondas (D)
  2 centaur warriors (D)
  An ogre mage (D)
  An iron elemental (D)
  A death yak (D)
  5 orc high priests (D)
  4 hell knights (D)
  4 dancing weapons (D)
  2 soul eaters (D)
  2 sun demons (D)
  A shadow wraith (D)
  An iron golem (D)
  3 deep elf knights (D)
  4 skeletal warriors (D)
  3 anaconda zombies (D)
  A sea snake (D)
  A giant orange brain (D)
  2 ice devils (D)
  A deep elf summoner (D)
  A spriggan druid (D)
  A death drake (D)
  2 kraken simulacra (D)
  2 obsidian statues (D)
  A lindwurm (D)
  A hill giant (shapeshifter) (D)
  2 deep elf conjurers (D)
  2 oklob plants (D)
  6 orc knights (D)
  4 crystal guardians (D)
  A water nymph (shapeshifter) (D)
  2 orc sorcerers (D)
  3 hornets (D)
  A shining eye (D)
  5 black mambas (D)
  5 ugly things (D)
  A guardian serpent (D)
  A torpor snail (shapeshifter) (D)
  An iron troll simulacrum (D)
  5 statues (D)
  A stone giant skeleton (D)
  2 spiny frogs (D)
  2 anaconda simulacra (D)
  9 yaktaurs (D)
  2 deep elf priests (D)
  A red devil (D)
  15 guardian mummies (D)
  3 wandering mushrooms (D)
  A komodo dragon (D)
  9 slime creatures (D)
  4 spriggan defenders (D)
  A queen bee (D)
  8 blink frogs (D)
  A redback (shapeshifter) (D)
  2 trapdoor spiders (D)
  4 redbacks (D)
  3 shadows (D)
  A spriggan (D)
  A spatial vortex (D)
  A hill giant (D)
  2 nagas (D)
  A swamp drake (D)
  2 hydra simulacra (D)
  3 water moccasins (D)
  2 orc warriors (D)
  A necrophage (D)
  3 two-headed ogres (D)
  2 brain worms (D)
  A water elemental (D)
  32 killer bees (D)
  4 electric eels (D)
  A jelly (D)
  An orc wizard (D)
  2 quasits (D)
  3 orc priests (D)
  A wolf (D)
  A polar bear simulacrum (D)
  A wizard (D)
  2 necromancers (D)
  2 wolf simulacra (D)
  3 sheep (D)
  3 humans (D)
  A kobold demonologist (D)
  6 adders (D)
  2 giant eyeballs (D)
  5 orcs (D)
  4 rats (D)
  2 ballistomycetes (D)
  A bush (D)
  A butterfly (D)
  2 plants (D)
  A tentacle (D)
351 creatures vanquished.

Vanquished Creatures (collateral kills)
  the Serpent of Hell (D)
  Geryon (D)
  A Brimstone Fiend (D)
  Gastronok (D)
  Wiglaf (D)
  A yaktaur captain (D)
  Erolcha (D)
  3 death yaks (D)
  2 elephants (D)
  A molten gargoyle (D)
  A hill giant (D)
14 creatures vanquished.

Vanquished Creatures (others)
  A deep elf blademaster (D)
  2 draconian scorchers (D)
  2 hydras (D)
  2 skeletal warriors (D)
  2 ball lightnings (D)
  3 statues (D)
  A fire drake (D)
  4 yaktaurs (D)
  A spriggan (D)
  A golden eye (D)
  An electric eel (D)
  3 ballistomycetes (D)
  A bush (D)
  6 giant spores (D)
  7 plants (D)
  4 tentacles (D)
41 creatures vanquished.

Grand Total: 406 creatures vanquished

Notes
Turn   | Place    | Note
--------------------------------------------------------------
     0 | D        | nuthulu the Gargoyle Fighter began the quest for the Orb.
     0 | D        | Reached XP level 1. HP: 14/14 MP: 1/1
    95 | D        | Noticed a wolf
    96 | D        | Killed a yaktaur
   104 | D        | Killed a wolf
   104 | D        | Reached skill level 4 in Fighting
   104 | D        | Reached XP level 2. HP: 18/20 MP: 2/2
   104 | D        | Reached XP level 3. HP: 21/24 MP: 3/3
   118 | D        | Reached skill level 5 in Fighting
   118 | D        | Reached skill level 5 in Armour
   118 | D        | Reached skill level 5 in Shields
   194 | D        | Killed a white draconian scorcher
   265 | D        | Killed a white draconian scorcher
   286 | D        | Gained mutation: Your magical capacity is low (-10% MP). [potion of mutation]
   286 | D        | Gained mutation: Your muscles are strong. (Str +2) [potion of mutation]
   286 | D        | Gained mutation: You have a pair of small horns on your head. [potion of mutation]
   287 | D        | Lost mutation: Your muscles are strong. (Str +2) [potion of mutation]
   287 | D        | Gained mutation: You can breathe flames. [potion of mutation]
   287 | D        | Gained mutation: You have a pair of horns on your head. [potion of mutation]
   419 | D        | Noticed a water elemental
   427 | D        | Killed a water elemental
   427 | D        | Reached skill level 6 in Fighting
   427 | D        | Reached XP level 4. HP: 32/32 MP: 3/3
   464 | D        | Found an iron altar of Okawaru.
   464 | D        | Found a bloodstained altar of Trog.
   464 | D        | Noticed a human
   466 | D        | Noticed a human
   474 | D        | Killed a human
   474 | D        | Reached skill level 7 in Fighting
   474 | D        | Reached XP level 5. HP: 31/38 MP: 4/4
   474 | D        | Reached XP level 6. HP: 35/44 MP: 5/5
   480 | D        | Killed a human
   480 | D        | Reached skill level 8 in Fighting
   535 | D        | Became a worshipper of Trog the Wrathful
   543 | D        | Found a radiant altar of Vehumet.
   543 | D        | Found a deep blue altar of Sif Muna.
   543 | D        | Found an ancient bone altar of Kikubaaqudgha.
   543 | D        | Noticed a wizard
   545 | D        | Acquired Trog's first power
   545 | D        | Acquired Trog's second power
   545 | D        | Killed a wizard
   546 | D        | Noticed a soul eater
   553 | D        | Noticed an orange demon
   555 | D        | Noticed an orange demon
   622 | D        | Found a glowing silver altar of Zin.
   622 | D        | Found a glowing golden altar of the Shining One.
   622 | D        | Found a white marble altar of Elyvilon.
   622 | D        | Noticed a deep elf priest
   627 | D        | Killed a deep elf priest
   627 | D        | Reached skill level 9 in Fighting
   627 | D        | Reached XP level 7. HP: 51/51 MP: 6/6
   671 | D        | Found a basalt altar of Yredelemnul.
   671 | D        | Found a snail-covered altar of Cheibriados.
   671 | D        | Found a blossoming altar of Fedhas.
   671 | D        | Noticed a necrophage
   671 | D        | Noticed a necromancer
   673 | D        | Killed a necromancer
   681 | D        | Killed a necrophage
   717 | D        | Noticed a jelly
   725 | D        | Killed a jelly
   729 | D        | Noticed a shadow
   734 | D        | Killed a shadow
   734 | D        | Reached skill level 10 in Fighting
   734 | D        | Reached skill level 10 in Shields
   734 | D        | Reached XP level 8. HP: 57/57 MP: 7/7
   761 | D        | Found a stormy altar of Qazlal.
   761 | D        | Found a sacrificial altar of Ru.
   761 | D        | Found a burning altar of Makhleb.
   761 | D        | Found a shimmering altar of Xom.
   762 | D        | Found a viscous altar of Jiyva.
   762 | D        | Found a shadowy altar of Dithmenos.
   762 | D        | Found a sparkling altar of Nemelex Xobeh.
   762 | D        | Found a corrupted altar of Lugonu.
   762 | D        | Found an opulent altar of Gozag.
   762 | D        | Noticed a spatial vortex
   778 | D        | Killed a spatial vortex
   778 | D        | Reached skill level 10 in Armour
   866 | D        | Noticed a two-headed ogre
   866 | D        | Noticed a two-headed ogre
   878 | D        | Killed a two-headed ogre
   878 | D        | Acquired Trog's third power
   881 | D        | Killed a two-headed ogre
   962 | D        | Noticed a hill giant
   968 | D        | Killed a hill giant
   995 | D        | Noticed a two-headed ogre
  1005 | D        | Killed a two-headed ogre
  1199 | D        | Noticed a hill giant
  1199 | D        | Noticed Erolcha
  1209 | D        | Killed a hill giant
  1211 | D        | Killed Erolcha
  1211 | D        | Reached skill level 11 in Fighting
  1211 | D        | Reached skill level 10 in Maces & Flails
  1211 | D        | Reached XP level 9. HP: 62/64 MP: 8/8
  1237 | D        | Noticed a redback
  1248 | D        | Killed a redback
  1346 | D        | Noticed a trapdoor spider
  1353 | D        | Killed a trapdoor spider
  1414 | D        | Noticed a trapdoor spider
  1429 | D        | HP: 1/64 [trapdoor spider (8)]
  1430 | D        | Killed a trapdoor spider
  1727 | D        | Noticed a wandering mushroom
  1744 | D        | Noticed a wandering mushroom
  1860 | D        | Killed a wandering mushroom
  1860 | D        | Reached skill level 12 in Fighting
  1903 | D        | Noticed a wandering mushroom
  1915 | D        | Killed a wandering mushroom
  1922 | D        | Killed a wandering mushroom
  1948 | D        | Noticed a queen bee
  1948 | D        | Noticed a killer bee
  1948 | D        | Noticed a killer bee
  1948 | D        | Noticed a killer bee
  1948 | D        | Noticed a killer bee
  1948 | D        | Noticed a killer bee
  1948 | D        | Noticed a killer bee
  1948 | D        | Noticed a killer bee
  1948 | D        | Noticed a killer bee
  1948 | D        | Noticed a killer bee
  1948 | D        | Noticed a killer bee
  1948 | D        | Noticed a killer bee
  1948 | D        | Noticed a killer bee
  1948 | D        | Noticed a killer bee
  1948 | D        | Noticed a killer bee
  1949 | D        | Noticed a killer bee
  1949 | D        | Noticed a killer bee
  1950 | D        | Noticed a killer bee
  1951 | D        | Noticed a killer bee
  1951 | D        | Noticed a killer bee
  1952 | D        | Noticed a killer bee
  1952 | D        | Noticed a killer bee
  1952 | D        | Noticed a killer bee
  1953 | D        | Noticed a killer bee
  1954 | D        | Killed a killer bee
  1955 | D        | Noticed a killer bee
  1956 | D        | Noticed a killer bee
  1957 | D        | Noticed a killer bee
  1957 | D        | Noticed a killer bee
  1957 | D        | Killed a killer bee
  1960 | D        | Noticed a killer bee
  1961 | D        | Noticed a killer bee
  1964 | D        | Noticed a killer bee
  1968 | D        | Noticed a killer bee
  1980 | D        | Killed a killer bee
  1983 | D        | Killed a killer bee
  1988 | D        | Killed a killer bee
  1988 | D        | Received a gift from Trog
  1989 | D        | Got a crystal short sword {god gift}
  1995 | D        | Noticed a killer bee
  1996 | D        | Killed a killer bee
  1998 | D        | Killed a killer bee
  1998 | D        | Reached XP level 10. HP: 65/72 MP: 9/9
  2003 | D        | Killed a killer bee
  2016 | D        | Killed a killer bee
  2018 | D        | Killed a killer bee
  2020 | D        | Killed a killer bee
  2020 | D        | Received a gift from Trog
  2021 | D        | Got a crystal hand crossbow {god gift}
  2028 | D        | Killed a killer bee
  2033 | D        | Killed a killer bee
  2038 | D        | Killed a killer bee
  2040 | D        | Killed a killer bee
  2043 | D        | Killed a killer bee
  2048 | D        | Killed a killer bee
  2051 | D        | Killed a killer bee
  2054 | D        | Killed a killer bee
  2054 | D        | Received a gift from Trog
  2061 | D        | Killed a killer bee
  2063 | D        | Killed a killer bee
  2067 | D        | Killed a killer bee
  2067 | D        | Reached skill level 13 in Shields
  2073 | D        | Killed a killer bee
  2077 | D        | Killed a killer bee
  2081 | D        | Killed a killer bee
  2084 | D        | Killed a killer bee
  2091 | D        | Killed a killer bee
  2091 | D        | Received a gift from Trog
  2092 | D        | Killed a killer bee
  2096 | D        | Killed a killer bee
  2099 | D        | Killed a killer bee
  2107 | D        | Killed a killer bee
  2112 | D        | Killed a killer bee
  2115 | D        | Killed a queen bee
  2218 | D        | Noticed a spiny frog
  2218 | D        | Noticed a komodo dragon
  2218 | D        | Noticed a spiny frog
  2223 | D        | Killed a spiny frog
  2226 | D        | Killed a spiny frog
  2226 | D        | Received a gift from Trog
  2232 | D        | Killed a komodo dragon
  2235 | D        | Got a brightly glowing eveningstar {god gift}
  2242 | D        | Identified the +6 eveningstar of the Snake Pit {crush, +Blink rN+ Int-5 Dex+3} (Trog gifted it to you in the Dungeon)
  2269 | D        | Noticed a swamp drake
  2269 | D        | Noticed a fire drake
  2271 | D        | Killed a fire drake
  2275 | D        | Killed a swamp drake
  2395 | D        | Noticed a redback
  2400 | D        | Killed a redback
  2402 | D        | Noticed a brain worm
  2405 | D        | Killed a brain worm
  2408 | D        | Noticed a brain worm
  2411 | D        | Killed a brain worm
  2415 | D        | Noticed a lindwurm
  2421 | D        | Killed a lindwurm
  2421 | D        | Reached skill level 14 in Fighting
  2451 | D        | Noticed a redback
  2453 | D        | Killed a redback
  2453 | D        | Reached XP level 11. HP: 80/80 MP: 9/9
  2507 | D        | Noticed a redback
  2507 | D        | Noticed Maud
  2510 | D        | Killed a redback
  2527 | D        | Killed Maud
  2717 | D        | Noticed an electric eel
  2720 | D        | Noticed a six-headed hydra
  2720 | D        | Noticed a four-headed hydra
  2759 | D        | Noticed a blink frog
  2760 | D        | Noticed a blink frog
  2760 | D        | Noticed a blink frog
  2762 | D        | Killed a blink frog
  2766 | D        | Killed a blink frog
  2774 | D        | Noticed a blink frog
  2774 | D        | Noticed a blink frog
  2778 | D        | Killed a blink frog
  2778 | D        | Received a gift from Trog
  2780 | D        | Killed a blink frog
  2789 | D        | Killed a blink frog
  2811 | D        | Killed a six-headed hydra
  2832 | D        | Killed a four-headed hydra
  2848 | D        | Noticed Rupert
  2859 | D        | Killed Rupert
  2859 | D        | Reached skill level 15 in Fighting
  2859 | D        | Reached skill level 15 in Armour
  2859 | D        | Reached skill level 15 in Shields
  2865 | D        | Killed an electric eel
  2896 | D        | Noticed a death yak
  2897 | D        | Noticed a death yak
  2897 | D        | Noticed a blink frog
  2899 | D        | Noticed a blink frog
  2900 | D        | Noticed a blink frog
  2901 | D        | Noticed a death yak
  2901 | D        | Noticed a death yak
  2906 | D        | Killed a death yak
  2908 | D        | Killed a death yak
  2910 | D        | Killed a death yak
  2918 | D        | Killed a death yak
  2918 | D        | Received a gift from Trog
  2920 | D        | Killed a blink frog
  2930 | D        | Noticed an azure jelly
  2930 | D        | Noticed a black mamba
  2930 | D        | Noticed an azure jelly
  2931 | D        | Noticed a black mamba
  2941 | D        | Killed a blink frog
  2941 | D        | Reached XP level 12. HP: 81/88 MP: 10/10
  2947 | D        | Killed a black mamba
  2987 | D        | Killed a black mamba
  2987 | D        | Received a gift from Trog
  2987 | D        | Reached skill level 16 in Fighting
  3013 | D        | Killed a blink frog
  3044 | D        | Noticed Polyphemus
  3069 | D        | Killed Polyphemus
  3069 | D        | Reached skill level 15 in Maces & Flails
  3144 | D        | Noticed an azure jelly
  3144 | D        | Noticed an azure jelly
  3146 | D        | Noticed an elephant
  3146 | D        | Noticed an elephant
  3146 | D        | Noticed a dire elephant
  3146 | D        | Noticed a dire elephant
  3146 | D        | Noticed Gastronok
  3152 | D        | Killed a dire elephant
  3152 | D        | Received a gift from Trog
  3157 | D        | Killed an elephant
  3159 | D        | Killed a dire elephant
  3162 | D        | Killed Gastronok
  3164 | D        | Killed an elephant
  3331 | D        | Noticed a death drake
  3341 | D        | Killed a death drake
  3341 | D        | Received a gift from Trog
  3341 | D        | Reached skill level 17 in Fighting
  3406 | D        | Noticed an anaconda
  3419 | D        | Killed an anaconda
  3431 | D        | Noticed an anaconda
  3443 | D        | Killed an anaconda
  3459 | D        | Noticed an anaconda
  3459 | D        | Noticed an anaconda
  3459 | D        | Noticed a black mamba
  3459 | D        | Noticed an anaconda
  3459 | D        | Noticed a water moccasin
  3478 | D        | Killed an anaconda
  3483 | D        | Killed an anaconda
  3491 | D        | Killed an anaconda
  3491 | D        | Reached skill level 1 in Dodging
  3495 | D        | Killed a water moccasin
  3498 | D        | Received a gift from Trog
  3507 | D        | Noticed an anaconda
  3515 | D        | Killed an anaconda
  3515 | D        | Reached XP level 13. HP: 92/97 MP: 11/11
  3535 | D        | Killed a black mamba
  3547 | D        | Noticed a water moccasin
  3547 | D        | Noticed a black mamba
  3547 | D        | Noticed a water moccasin
  3547 | D        | Noticed a black mamba
  3560 | D        | Killed a black mamba
  3562 | D        | Killed a water moccasin
  3562 | D        | Received a gift from Trog
  3563 | D        | Killed a black mamba
  3567 | D        | Killed a water moccasin
  3579 | D        | Noticed a naga
  3579 | D        | Noticed a naga
  3580 | D        | Noticed a naga warrior
  3580 | D        | Noticed a greater naga
  3600 | D        | Killed a greater naga
  3600 | D        | Reached skill level 18 in Fighting
  3608 | D        | Killed a naga warrior
  3609 | D        | Killed a naga
  3609 | D        | Received a gift from Trog
  3612 | D        | Killed a naga
  3617 | D        | Found Uferoor's Food Shop.
  3617 | D        | Found Ruac's Book Shoppe.
  3619 | D        | Found Uchajec's Antique Armour Boutique.
  3631 | D        | Noticed a guardian serpent
  3636 | D        | Killed a guardian serpent
  3643 | D        | Got a serpentine rune of Zot
  3772 | D        | Noticed Ilsuiw
  3805 | D        | Noticed a sea snake
  3817 | D        | Killed a sea snake
  3820 | D        | Killed Ilsuiw
  3820 | D        | Received a gift from Trog
  3820 | D        | Reached skill level 5 in Dodging
  3978 | D        | Found Gicrawk's Gadget Shoppe.
  3979 | D        | Found Gulov's Distillery.
  3981 | D        | Noticed a merfolk javelineer
  3997 | D        | Found Hamm's Antique Weapon Emporium.
  4012 | D        | Killed a merfolk javelineer
  4061 | D        | Got a barnacled rune of Zot
  4206 | D        | Noticed an orc knight
  4206 | D        | Noticed an orc knight
  4206 | D        | Noticed an orc sorcerer
  4206 | D        | Noticed an orc knight
  4206 | D        | Noticed an orc priest
  4207 | D        | Noticed an orc high priest
  4207 | D        | Found Tunios's Book Shop.
  4207 | D        | Noticed an orc warrior
  4207 | D        | Noticed an orc priest
  4207 | D        | Noticed an orc warrior
  4207 | D        | Noticed an orc high priest
  4207 | D        | Noticed an orc knight
  4207 | D        | Noticed an orc wizard
  4207 | D        | Noticed an orc sorcerer
  4208 | D        | Killed an orc sorcerer
  4216 | D        | Killed an orc knight
  4221 | D        | Killed an orc knight
  4224 | D        | Killed an orc sorcerer
  4224 | D        | Received a gift from Trog
  4227 | D        | Killed an orc priest
  4228 | D        | Killed an orc warrior
  4235 | D        | Killed an orc high priest
  4244 | D        | Killed an orc knight
  4256 | D        | Killed an orc high priest
  4263 | D        | Killed an orc knight
  4266 | D        | Killed an orc warrior
  4266 | D        | Reached skill level 19 in Fighting
  4268 | D        | Received a gift from Trog
  4272 | D        | Killed an orc priest
  4273 | D        | Killed an orc wizard
  4276 | D        | Received a gift from Trog
  4578 | D        | Bought a fine cloak for 161 gold pieces
  4583 | D        | Identified the +2 cloak "Jimafosi" {rF+ Str+2 Stlth+} (You bought it in a shop in the Dungeon)
  4585 | D        | Bought a pair of gloves for 76 gold pieces
  4687 | D        | Noticed Frances
  4688 | D        | Noticed Wiglaf
  4693 | D        | Killed Wiglaf
  4697 | D        | Killed Frances
  4736 | D        | Noticed an orc high priest
  4736 | D        | Noticed an orc high priest
  4737 | D        | Noticed an orc priest
  4746 | D        | Killed an orc high priest
  4749 | D        | Noticed an orc high priest
  4754 | D        | Killed an orc high priest
  4758 | D        | Killed an orc priest
  4767 | D        | Killed an orc high priest
  4841 | D        | Noticed a spriggan defender
  4842 | D        | Noticed a spriggan defender
  4842 | D        | Noticed a spriggan defender
  4842 | D        | Noticed a spriggan defender
  4852 | D        | Killed a spriggan defender
  4852 | D        | Received a gift from Trog
  4857 | D        | Killed a spriggan defender
  4861 | D        | Killed a spriggan defender
  4871 | D        | Killed a spriggan defender
  4910 | D        | Noticed an obsidian statue
  5003 | D        | Noticed a yaktaur
  5015 | D        | Noticed a skeletal warrior
  5023 | D        | Killed a skeletal warrior
  5075 | D        | Noticed a yaktaur
  5078 | D        | Killed a yaktaur
  5080 | D        | Noticed a yaktaur captain
  5080 | D        | Noticed a yaktaur captain
  5085 | D        | Killed a yaktaur
  5095 | D        | Killed a yaktaur captain
  5095 | D        | Gained mutation: Your large and strong wings let you fly indefinitely. [Gargoyle growth]
  5095 | D        | Reached XP level 14. HP: 66/106 MP: 12/12
  5105 | D        | Killed a yaktaur captain
  5275 | D        | Noticed Azrael
  5282 | D        | Killed Azrael
  5507 | D        | Noticed a wolf simulacrum
  5507 | D        | Noticed a six-headed hydra simulacrum
  5509 | D        | Noticed a wolf simulacrum
  5510 | D        | Killed a six-headed hydra simulacrum
  5511 | D        | Noticed a polar bear simulacrum
  5511 | D        | Killed a wolf simulacrum
  5513 | D        | Killed a wolf simulacrum
  5515 | D        | Killed a polar bear simulacrum
  5602 | D        | Received a gift from Trog
  5688 | D        | Killed an obsidian statue
  5717 | D        | Found Ceolopp's Gadget Emporium.
  5717 | D        | Found Haudwao's Jewellery Shop.
  5717 | D        | Found Faamazo's Antique Weapon Shoppe.
  5717 | D        | Found Riedghoki's Book Boutique.
  5717 | D        | Found Ret Qo Leudd's Distillery.
  5717 | D        | Found Warghyman's Magic Scroll Shop.
  5717 | D        | Found Vuin's Armour Emporium.
  5717 | D        | Found Pasuciuv's Antique Weapon Boutique.
  5718 | D        | Found Cuduywug's Armour Boutique.
  5718 | D        | Found Plog's General Store.
  5718 | D        | Found Rialuroopn's Antique Armour Shop.
  5718 | D        | Found Waemyott's Food Emporium.
  5733 | D        | Bought a pair of glowing gloves for 117 gold pieces
  5745 | D        | Bought a glowing plate armour for 598 gold pieces
  5778 | D        | Bought 2 scrolls of enchant weapon for 150 gold pieces
  5792 | D        | Bought a potion of heal wounds for 55 gold pieces
  5794 | D        | Bought 2 potions of heal wounds for 130 gold pieces
  5819 | D        | Noticed a crystal guardian
  5819 | D        | Noticed a crystal guardian
  5819 | D        | Noticed a crystal guardian
  5819 | D        | Noticed a crystal guardian
  5824 | D        | Killed a crystal guardian
  5830 | D        | Killed a crystal guardian
  5834 | D        | Killed a crystal guardian
  5838 | D        | Killed a crystal guardian
  5928 | D        | Noticed a shock serpent
  5929 | D        | a shock serpent changed into a hill giant
  5931 | D        | Reached skill level 20 in Fighting
  5944 | D        | Noticed a centaur warrior
  5950 | D        | Killed a centaur warrior
  5961 | D        | Noticed a red ugly thing
  5961 | D        | Noticed a slime creature
  5961 | D        | Noticed a fire dragon
  5971 | D        | Killed a red ugly thing
  5971 | D        | Received a gift from Trog
  5981 | D        | Killed a fire dragon
  5984 | D        | Killed a slime creature
  5992 | D        | Noticed a hand axe of venom
  5992 | D        | Noticed a flail of protection
  5993 | D        | Noticed a trident of protection
  5993 | D        | Noticed a battleaxe of electrocution
  5994 | D        | Killed a battleaxe of electrocution
  5997 | D        | Killed a flail of protection
  5999 | D        | Killed a hand axe of venom
  6003 | D        | Killed a trident of protection
  6014 | D        | Got a shimmering morningstar
  6016 | D        | Identified the +9 morningstar of the Viper {vamp, Int-4 Dex+6} (You found it in the Dungeon)
  6031 | D        | Noticed a yaktaur captain
  6031 | D        | Noticed a brown ugly thing
  6032 | D        | Noticed a slime creature
  6032 | D        | Noticed a slime creature
  6032 | D        | Noticed a red ugly thing
  6032 | D        | Noticed a lindwurm
  6038 | D        | Killed a slime creature
  6049 | D        | Killed a red ugly thing
  6052 | D        | Killed a purple ugly thing
  6054 | D        | Killed a slime creature
  6054 | D        | Received a gift from Trog
  6054 | D        | Reached skill level 10 in Dodging
  6190 | D        | Killed a yaktaur captain
  6220 | D        | Noticed a skeletal warrior
  6221 | D        | Noticed an iron golem
  6234 | D        | Killed an iron golem
  6239 | D        | Killed a skeletal warrior
  6291 | D        | Noticed Chuck
  6291 | D        | Noticed a slime creature
  6294 | D        | Killed a slime creature
  6308 | D        | Killed Chuck
  6327 | D        | Noticed a slime creature
  6336 | D        | Killed a slime creature
  6342 | D        | Noticed Norris
  6343 | D        | Paralysed by Norris for 6 turns
  6374 | D        | Killed Norris
  6374 | D        | Reached skill level 21 in Fighting
  6393 | D        | Noticed a swamp dragon
  6394 | D        | a swamp dragon changed into a deep troll
  6409 | D        | Noticed a lich
  6418 | D        | Killed a lich
  6418 | D        | Received a gift from Trog
  6479 | D        | Noticed a redback
  6482 | D        | Killed a redback
  6483 | D        | Noticed a shadow dragon
  6483 | D        | Noticed an ogre mage
  6483 | D        | Noticed a shadow dragon
  6483 | D        | Noticed a red ugly thing
  6505 | D        | Killed a shadow dragon
  6513 | D        | Killed a shadow dragon
  6513 | D        | Reached XP level 15. HP: 73/115 MP: 6/13
  6516 | D        | Killed an ogre mage
  6522 | D        | Killed a red ugly thing
  6522 | D        | Received a gift from Trog
  6664 | D        | Noticed an obsidian statue
  6665 | D        | Noticed a brown ugly thing
  6665 | D        | Noticed a slime creature
  6671 | D        | a slime creature changed into a giant leech
  6678 | D        | Killed a yaktaur
  6689 | D        | Killed a brown ugly thing
  6721 | D        | Killed an obsidian statue
  6814 | D        | Noticed a necromancer
  6817 | D        | Killed a necromancer
  6834 | D        | Noticed a hell knight
  6834 | D        | Noticed a hell knight
  6835 | D        | Noticed a hell knight
  6836 | D        | Noticed a hell knight
  6838 | D        | Killed a hell knight
  6838 | D        | Received a gift from Trog
  6845 | D        | Killed a hell knight
  6851 | D        | Killed a hell knight
  6856 | D        | Killed a hell knight
  6861 | D        | Got a dazzling morningstar {god gift}
  6862 | D        | Identified the +1 morningstar of the Boar {elec, rPois Stlth+} (Trog gifted it to you in the Dungeon)
  6867 | D        | Noticed a lich
  6871 | D        | Noticed a Brimstone Fiend
  6880 | D        | Killed a lich
  6880 | D        | Reached skill level 22 in Fighting
  6953 | D        | Noticed a guardian mummy
  6958 | D        | Killed a guardian mummy
  6959 | D        | Noticed a mummy priest
  6959 | D        | Noticed a mummy priest
  6959 | D        | Noticed a guardian mummy
  6959 | D        | Noticed a sphinx
  6959 | D        | Noticed a sphinx
  6972 | D        | Killed a mummy priest
  6979 | D        | Killed a mummy priest
  6984 | D        | Killed a guardian mummy
  6992 | D        | Killed a sphinx
  6992 | D        | Received a gift from Trog
  6995 | D        | Killed a sphinx
  7166 | D        | Found a blossoming altar of Fedhas.
  7166 | D        | Noticed a spriggan
  7166 | D        | Noticed a spriggan druid
  7166 | D        | Noticed a spriggan
  7172 | D        | Killed a spriggan druid
  7172 | D        | Killed a spriggan
  7193 | D        | Killed a spriggan
  7193 | D        | Received a gift from Trog
  7291 | D        | Noticed a deep elf priest
  7291 | D        | Noticed a deep elf conjurer
  7291 | D        | Noticed a deep elf knight
  7291 | D        | Noticed a deep elf conjurer
  7291 | D        | Noticed a deep elf summoner
  7299 | D        | Killed a deep elf knight
  7302 | D        | Killed a deep elf conjurer
  7306 | D        | Killed a deep elf conjurer
  7306 | D        | Received a gift from Trog
  7309 | D        | Killed a deep elf priest
  7311 | D        | Killed a deep elf summoner
  7312 | D        | Noticed a deep elf annihilator
  7317 | D        | Noticed a deep elf annihilator
  7317 | D        | Noticed a deep elf demonologist
  7318 | D        | Noticed a deep elf death mage
  7319 | D        | Noticed a deep elf blademaster
  7477 | D        | Noticed a deep elf annihilator
  7481 | D        | Noticed a Hell Sentinel
  7538 | D        | Noticed a Brimstone Fiend
  7538 | D        | Noticed a deep elf death mage
  7544 | D        | Killed a deep elf death mage
  7549 | D        | Killed a deep elf demonologist
  7551 | D        | Killed a deep elf annihilator
  7551 | D        | Received a gift from Trog
  7551 | D        | Killed a deep elf blademaster
  7554 | D        | Killed a deep elf death mage
  7556 | D        | Killed a deep elf annihilator
  7559 | D        | Killed a deep elf annihilator
  7561 | D        | Got a faintly glowing copper ring
  7604 | D        | Received a gift from Trog
  7613 | D        | Got a crude lapis lazuli ring
  7614 | D        | Identified the ring of Dithmenos's Hatred {*Corrode rN+ Dex+4} (You found it in the Dungeon)
  7666 | D        | Identified the ring of Tyarij {SustAt Dex+4} (You took it off a deep elf demonologist in the Dungeon)
  7740 | D        | Bought a book of Cantrips for 260 gold pieces
  7813 | D        | Noticed a fire elementalist statue
  7813 | D        | Noticed an earth elementalist statue
  7814 | D        | Noticed a water elementalist statue
  7814 | D        | Noticed an air elementalist statue
  7818 | D        | Killed a fire elementalist statue
  7826 | D        | Killed a water elementalist statue
  7837 | D        | Killed an earth elementalist statue
  7841 | D        | Killed an air elementalist statue
  7847 | D        | Noticed Mara
  7848 | D        | Noticed a molten gargoyle
  7848 | D        | Noticed a vampire knight
  7848 | D        | Noticed a vampire knight
  7863 | D        | Noticed nuthulu's illusion
  7874 | D        | Killed a vampire knight
  7879 | D        | Killed a molten gargoyle
  7879 | D        | Reached skill level 23 in Armour
  7884 | D        | Killed Mara
  7893 | D        | Killed a vampire knight
  7984 | D        | Noticed an ancient champion
  7991 | D        | Killed an ancient champion
  7991 | D        | Reached skill level 24 in Armour
  7991 | D        | Reached skill level 15 in Dodging
  7993 | D        | Identified the Reference Book on Beguiling
  8040 | D        | Noticed a slime creature
  8044 | D        | Noticed a slime creature
  8044 | D        | Killed a slime creature
  8045 | D        | Noticed a large slime creature
  8045 | D        | Noticed a slime creature
  8048 | D        | Killed a slime creature
  8053 | D        | Killed a large slime creature
  8053 | D        | Received a gift from Trog
  8058 | D        | Killed a slime creature
  8088 | D        | Noticed a skeletal warrior
  8088 | D        | Noticed a skeletal warrior
  8088 | D        | Noticed a mummy priest
  8096 | D        | Killed a shadow wraith
  8103 | D        | Killed a mummy priest
  8103 | D        | Reached XP level 16. HP: 125/125 MP: 4/14
  8105 | D        | Killed a ball lightning
  8105 | D        | Killed a ball lightning
  8105 | D        | Killed a skeletal warrior
  8105 | D        | Killed a skeletal warrior
  8163 | D        | Noticed an electric eel
  8163 | D        | Noticed an electric eel
  8163 | D        | Noticed an electric eel
  8163 | D        | Noticed an electric eel
  8165 | D        | Noticed Nikola
  8165 | D        | Noticed a storm dragon
  8166 | D        | Killed an electric eel
  8177 | D        | Killed a storm dragon
  8183 | D        | Killed an electric eel
  8200 | D        | Killed Nikola
  8212 | D        | Killed an electric eel
  8212 | D        | Received a gift from Trog
  8215 | D        | Killed an electric eel
  8285 | D        | Noticed a hornet
  8285 | D        | Noticed a hornet
  8291 | D        | Killed a hornet
  8292 | D        | Killed a hornet
  8293 | D        | Noticed a hornet
  8298 | D        | Killed a hornet
  8318 | D        | Found Fepnuis's Food Shoppe.
  8318 | D        | Found Cufajow's Food Shop.
  8318 | D        | Noticed an oklob plant
  8318 | D        | Noticed an oklob plant
  8354 | D        | Noticed an anaconda simulacrum
  8354 | D        | Noticed an anaconda zombie
  8357 | D        | Noticed an anaconda zombie
  8358 | D        | Noticed Boris
  8359 | D        | Killed an anaconda zombie
  8359 | D        | Reached skill level 25 in Armour
  8369 | D        | Killed Boris
  8370 | D        | Noticed a stone giant skeleton
  8370 | D        | Killed an anaconda simulacrum
  8371 | D        | Noticed a four-headed hydra simulacrum
  8374 | D        | Killed an anaconda zombie
  8380 | D        | Killed a stone giant skeleton
  8383 | D        | Killed a four-headed hydra simulacrum
  8388 | D        | Noticed an anaconda zombie
  8391 | D        | Killed an anaconda zombie
  8474 | D        | Found Pooghac's Gadget Emporium.
  8474 | D        | Found Suide's Food Shop.
  8478 | D        | Killed an oklob plant
  8481 | D        | Killed an oklob plant
  8484 | D        | Bought a meat ration for 60 gold pieces
  8540 | D        | Noticed an anaconda simulacrum
  8547 | D        | Killed an anaconda simulacrum
  8555 | D        | Noticed Mennas
  8695 | D        | Killed Mennas
  8714 | D        | Noticed a pristine statue
  8714 | D        | Noticed a pristine statue
  8718 | D        | Noticed a pristine statue
  8718 | D        | Noticed a pristine statue
  8724 | D        | Killed a pristine statue
  8732 | D        | Killed a pristine statue
  8733 | D        | Killed a pristine statue
  8733 | D        | Reached skill level 26 in Armour
  8736 | D        | Killed a pristine statue
  8758 | D        | Noticed Roxanne
  8768 | D        | Killed Roxanne
  8770 | D        | Identified Roxanne's Reference Book on the Mountains (You took it off Roxanne in the Dungeon)
  8785 | D        | Noticed a deep elf knight
  8785 | D        | Noticed an orc knight
  8786 | D        | Noticed a vault guard
  8787 | D        | Noticed an orc knight
  8787 | D        | Noticed a deep elf knight
  8796 | D        | Killed an orc knight
  8800 | D        | Killed a deep elf knight
  8802 | D        | Killed a deep elf knight
  8802 | D        | Received a gift from Trog
  8809 | D        | Killed a vault guard
  8813 | D        | Killed an orc knight
  8825 | D        | Noticed an Executioner
  8829 | D        | Killed an Executioner
  8844 | D        | Noticed a yaktaur
  8844 | D        | Killed a yaktaur
  8846 | D        | Noticed Nessos
  8863 | D        | Killed Nessos
  8863 | D        | Received a gift from Trog
  8884 | D        | Noticed a yellow draconian
  8885 | D        | Noticed a shining eye
  8885 | D        | Noticed a giant orange brain
  8886 | D        | Noticed a golden eye
  8886 | D        | Gained mutation: Your magical capacity is very low (-20% MP). [a shining eye]
  8888 | D        | Paralysed by a giant eyeball for 3 turns
  8889 | D        | Killed a golden eye
  8895 | D        | Paralysed by a giant eyeball for 3 turns
  8899 | D        | Killed a giant orange brain
  8900 | D        | Killed a yellow draconian
  8902 | D        | Killed a shining eye
  8903 | D        | Paralysed by a giant eyeball for 4 turns
  8952 | D        | Found Fesuadd's Armour Boutique.
  8952 | D        | Noticed an iron troll simulacrum
  8964 | D        | Killed an iron troll simulacrum
  8967 | D        | Bought a +0 pair of boots for 49 gold pieces
  9153 | D        | Noticed a titan
  9153 | D        | Noticed a vault guard
  9153 | D        | Noticed a vault guard
  9153 | D        | Noticed a shadow dragon
  9153 | D        | Noticed a vault guard
  9153 | D        | Noticed a vault guard
  9153 | D        | Noticed a shadow dragon
  9153 | D        | Noticed a vault guard
  9153 | D        | Noticed a vault guard
  9153 | D        | Noticed a fire giant
  9153 | D        | Noticed a vault guard
  9153 | D        | Noticed a vault guard
  9153 | D        | Noticed a fire giant
  9153 | D        | Noticed a vault guard
  9153 | D        | Noticed a vault guard
  9153 | D        | Noticed a stone giant
  9153 | D        | Noticed a vault guard
  9153 | D        | Noticed a fire giant
  9228 | D        | Killed a shadow dragon
  9228 | D        | Received a gift from Trog
  9289 | D        | Noticed a quicksilver dragon
  9289 | D        | Noticed a vault guard
  9310 | D        | Killed a vault guard
  9311 | D        | Killed a vault guard
  9311 | D        | Received a gift from Trog
  9321 | D        | Killed a shadow dragon
  9321 | D        | Received a gift from Trog
  9327 | D        | Killed a vault guard
  9337 | D        | Killed a vault guard
  9344 | D        | Noticed a centaur warrior
  9352 | D        | Killed a vault guard
  9355 | D        | Killed a centaur warrior
  9367 | D        | Killed a fire giant
  9367 | D        | Reached XP level 17. HP: 125/136 MP: 13/13
  9372 | D        | Killed a vault guard
  9372 | D        | Received a gift from Trog
  9379 | D        | Killed a stone giant
  9379 | D        | Reached skill level 27 in Armour
  9394 | D        | Noticed a skeletal warrior
  9396 | D        | Killed a vault guard
  9398 | D        | Killed a vault guard
  9399 | D        | Noticed a vault guard
  9415 | D        | Killed a skeletal warrior
  9420 | D        | Killed a vault guard
  9423 | D        | Noticed a vault guard
  9432 | D        | Killed a vault guard
  9438 | D        | Killed a fire giant
  9438 | D        | Received a gift from Trog
  9450 | D        | Noticed a skeletal warrior
  9450 | D        | Noticed a vault guard
  9451 | D        | Noticed a vault guard
  9472 | D        | Killed a quicksilver dragon
  9476 | D        | Killed a vault guard
  9480 | D        | Killed a fire giant
  9489 | D        | Killed a titan
  9489 | D        | Received a gift from Trog
  9493 | D        | Killed a vault guard
  9498 | D        | Killed a vault guard
  9559 | D        | Killed a skeletal warrior
  9565 | D        | Killed a vault guard
  9565 | D        | Received a gift from Trog
  9581 | D        | Killed a vault guard
  9586 | D        | Received a gift from Trog
  9592 | D        | Killed a vault guard
  9601 | D        | Got a silver rune of Zot
  9763 | D        | Noticed a mummy priest
  9779 | D        | Killed a mummy priest
  9827 | D        | Noticed a mummy priest
  9840 | D        | Killed a mummy priest
  9847 | D        | Noticed a guardian mummy
  9848 | D        | Noticed a guardian mummy
  9861 | D        | Killed a guardian mummy
  9865 | D        | Killed a guardian mummy
  9909 | D        | Noticed a guardian mummy
  9909 | D        | Noticed a guardian mummy
  9910 | D        | Gained mutation: You are frail (-10% HP). [the power of Zot]
  9920 | D        | Killed a guardian mummy
  9923 | D        | Killed a guardian mummy
  9931 | D        | Lost mutation: You are frail (-10% HP). [potion of cure mutation]
  9931 | D        | Lost mutation: You can breathe flames. [potion of cure mutation]
  9931 | D        | Lost mutation: You have a pair of horns on your head. [potion of cure mutation]
  9931 | D        | Lost mutation: You have a pair of small horns on your head. [potion of cure mutation]
  9936 | D        | Noticed a guardian mummy
  9980 | D        | Killed a guardian mummy
 10020 | D        | Noticed a guardian mummy
 10020 | D        | Noticed a guardian mummy
 10020 | D        | Noticed a mummy priest
 10020 | D        | Noticed a guardian mummy
 10020 | D        | Noticed a guardian mummy
 10020 | D        | Noticed a mummy priest
 10020 | D        | Noticed a greater mummy
 10020 | D        | Noticed a guardian mummy
 10020 | D        | Noticed a guardian mummy
 10020 | D        | Noticed a mummy priest
 10020 | D        | Noticed a greater mummy
 10020 | D        | Noticed a guardian mummy
 10020 | D        | Noticed a guardian mummy
 10020 | D        | Noticed a mummy priest
 10073 | D        | Killed a guardian mummy
 10073 | D        | Reached skill level 27 in Fighting
 10078 | D        | Killed a guardian mummy
 10083 | D        | Killed a guardian mummy
 10084 | D        | Killed a guardian mummy
 10089 | D        | Killed a guardian mummy
 10097 | D        | Killed a mummy priest
 10125 | D        | Killed a guardian mummy
 10208 | D        | Killed a mummy priest
 10267 | D        | Killed a greater mummy
 10307 | D        | Killed a greater mummy
 10309 | D        | Killed a guardian mummy
 10313 | D        | Killed a mummy priest
 10314 | D        | Killed a guardian mummy
 10336 | D        | Killed a mummy priest
 10344 | D        | Received a gift from Trog
 10349 | D        | Got a golden rune of Zot
 10383 | D        | Got a smoking hat
 10394 | D        | Identified the +0 hat of Dikafol {+Blink Str-3 Dex+2 Stlth+} (You acquired it in the Dungeon)
 10526 | D        | Got a polished cloak
 10537 | D        | Identified the +2 cloak of Haal {+Fly rPois rF+ rC+} (You acquired it in the Dungeon)
 10731 | D        | Noticed an ice devil
 10731 | D        | Noticed a hell beast
 10731 | D        | Noticed a sun demon
 10731 | D        | Noticed a sun demon
 10731 | D        | Noticed a hell beast
 10731 | D        | Noticed a soul eater
 10732 | D        | Noticed a soul eater
 10732 | D        | Noticed an ice devil
 10735 | D        | Killed a sun demon
 10735 | D        | Reached skill level 1 in Evocations
 10737 | D        | Killed a hell beast
 10739 | D        | Killed an ice devil
 10739 | D        | Received a gift from Trog
 10744 | D        | Killed a soul eater
 10748 | D        | Killed an ice devil
 10756 | D        | Killed a soul eater
 10763 | D        | Killed a sun demon
 10765 | D        | Killed a hell beast
 10778 | D        | Noticed a stone giant
 10778 | D        | Noticed a stone giant
 10779 | D        | Noticed Geryon
 10795 | D        | Noticed a yaktaur
 10798 | D        | Noticed a yaktaur
 10798 | D        | Noticed a yaktaur
 10799 | D        | Noticed a yaktaur
 10801 | D        | Killed a stone giant
 10801 | D        | Received a gift from Trog
 10806 | D        | Killed a stone giant
 10806 | D        | Reached skill level 27 in Shields
 10807 | D        | Noticed a yaktaur
 10810 | D        | Killed a yaktaur
 10810 | D        | Reached skill level 5 in Evocations
 10816 | D        | Killed a yaktaur
 10821 | D        | Killed a yaktaur
 10823 | D        | Killed a yaktaur
 10828 | D        | Killed a yaktaur
 10830 | D        | Noticed a yaktaur
 10836 | D        | Killed a yaktaur
 10844 | D        | Noticed a yaktaur
 10846 | D        | Noticed a yaktaur captain
 10852 | D        | Noticed a yaktaur
 10854 | D        | Killed a yaktaur
 10854 | D        | Received a gift from Trog
 10868 | D        | Killed a yaktaur
 10876 | D        | Killed a yaktaur captain
 10883 | D        | Killed Geryon
 10883 | D        | Reached XP level 18. HP: 130/145 MP: 14/18
 10909 | D        | Got a fine morningstar {god gift}
 10910 | D        | Identified the +4 morningstar "Wudwosir" {crush, Str+2} (Trog gifted it to you in the Dungeon)
 10926 | D        | Noticed an iron elemental
 10926 | D        | Noticed the iron giant
 10926 | D        | Noticed a war gargoyle
 10932 | D        | Noticed a war gargoyle
 10936 | D        | Noticed a war gargoyle
 10936 | D        | Noticed a war gargoyle
 10958 | D        | Killed the iron giant
 10965 | D        | Killed a war gargoyle
 10967 | D        | Killed a war gargoyle
 10972 | D        | Killed a war gargoyle
 10975 | D        | Killed a war gargoyle
 10985 | D        | Killed an iron elemental
 11060 | D        | Noticed a shadow
 11063 | D        | Noticed a quasit
 11063 | D        | Killed a shadow
 11064 | D        | Killed a quasit
 11066 | D        | Noticed a quasit
 11066 | D        | Noticed a greater mummy
 11066 | D        | Noticed a shadow
 11076 | D        | Killed a greater mummy
 11076 | D        | Reached skill level 10 in Evocations
 11078 | D        | Killed a shadow
 11080 | D        | Killed a quasit
 11088 | D        | Noticed the Serpent of Hell
 11103 | D        | Noticed a Brimstone Fiend
 11107 | D        | Killed the Serpent of Hell
 11107 | D        | Received a gift from Trog
 11111 | D        | Killed a Brimstone Fiend
 11146 | D        | Noticed a kraken simulacrum
 11150 | D        | Killed a kraken simulacrum
 11160 | D        | Noticed an Ice Fiend
 11162 | D        | Killed an Ice Fiend
 11177 | D        | Noticed a kraken simulacrum
 11182 | D        | Killed a kraken simulacrum
 11187 | D        | Noticed an Ice Fiend
 11191 | D        | Killed an Ice Fiend
 11193 | D        | Identified the Handbook of Congealing Confrontation
 11196 | D        | Received a gift from Trog
 11202 | D        | Noticed Antaeus
 11248 | D        | Mangled by Antaeus

Vault maps used:
D:        dungeon_sprint_mu

Action                   |  1- 3 |  4- 6 |  7- 9 | 10-12 | 13-15 | 16-18 || total
-------------------------+-------+-------+-------+-------+-------+-------++-------
Melee: Flail             |    21 |    20 |   145 |    50 |       |       ||   236
       Morningstar       |       |       |       |    62 |       |       ||    62
       Eveningstar       |       |       |       |   177 |   633 |   748 ||  1558
       Mace              |       |       |       |     4 |       |       ||     4
Throw: Throwing net      |       |       |       |       |       |     1 ||     1
Invok: Berserk           |       |     1 |     3 |     5 |       |     1 ||    10
       Burn Spellbooks   |       |     1 |       |       |     4 |     4 ||     9
       Trog's Hand       |       |       |     5 |    11 |    17 |    16 ||    49
       Brothers in Arms  |       |       |     1 |     2 |     2 |     9 ||    14
 Abil: Breathe Fire      |     1 |       |       |       |       |       ||     1
       Fly               |       |       |       |       |     1 |     1 ||     2
       Stop Flying       |       |       |       |       |       |     1 ||     1
Evoke: Wand              |       |       |       |       |       |     4 ||     4
  Use: Potion            |     4 |     1 |       |       |     4 |     4 ||    13
       Scroll            |     4 |       |       |       |    11 |     7 ||    22
 Stab: Distracted        |       |       |       |     1 |       |     5 ||     6
       Held in net/web   |       |       |       |       |     3 |       ||     3
  Eat: Chunk             |       |       |     7 |     6 |     3 |       ||    16
       Bread ration      |       |       |     1 |       |       |       ||     1
       Royal jelly       |       |       |       |     2 |     6 |     6 ||    14
       Meat ration       |       |       |       |       |     1 |     1 ||     2
       Fruit             |       |       |       |       |     1 |     1 ||     2
